 Dungeon Crawl Stone Soup version 0.20.1-1-g8b1a95d (webtiles) character file.

749 empire the Skirmisher (level 7, -2/64 HPs)
             Began as a Minotaur Fighter on Aug 1, 2017.
             Was a Follower of Nemelex Xobeh.
             Killed by divine providence
             ... invoked by an orc priest
              (15 damage)
             ... on level 4 of the Dungeon on Aug 3, 2017.
             The game lasted 00:06:49 (3099 turns).

empire the Skirmisher (Minotaur Fighter)            Turns: 3099, Time: 00:06:50

Health: -2/64      AC:  9    Str: 22    XL:     7   Next: 48%
Magic:  6/6        EV:  9    Int:  5    God:    Nemelex Xobeh [*.....]
Gold:   177        SH:  9    Dex: 10    Spells: 6/6 levels left

rFire    . . .     SeeInvis .   b - +0 scimitar
rCold    . . .     Gourm    .   c - +0 shield
rNeg     . . .     Faith    .   v - +0 scale mail
rPois    .         Spirit   .   (helmet restricted)
rElec    .         Reflect  .   t - +0 cloak
rCorr    .         Harm     .   m - +0 pair of gloves
MR       .....                  (no boots)
Stlth    ..........             (no amulet)
Regen    0.2/turn               j - ring of loudness (curse)
MPRegen  0.1/turn               (no ring)

@: no status effects
A: retaliatory headbutt, horns 2
a: Renounce Religion


You were on level 4 of the Dungeon.
You worshipped Nemelex Xobeh.
Nemelex Xobeh was aware of your devotion.
You were not hungry.

You visited 1 branch of the dungeon, and saw 4 of its levels.

You collected 177 gold pieces.

Inventory:

Hand Weapons
 a - a +0 long sword
 b - a +0 scimitar (weapon)
 s - a +2 quarterstaff of chaos
 C - a +0 short sword of freezing
Armour
 c - a +0 shield (worn)
 m - a +0 pair of gloves (worn)
 t - a +0 cloak (worn)
 v - a +0 scale mail (worn)
 A - a +0 leather armour of magic resistance
Jewellery
 j - a cursed ring of loudness (left hand)
 F - an uncursed ring of positive energy {unknown}
Scrolls
 e - 3 scrolls of remove curse {unknown}
 h - 3 scrolls of teleportation {unknown}
 i - a scroll of identify {unknown}
 n - a scroll of blinking {unknown}
 o - 2 scrolls of enchant weapon {unknown}
 r - 2 scrolls of recharging {unknown}
 x - a scroll of magic mapping {unknown}
Potions
 k - a potion of resistance {unknown}
 l - a potion of mutation {unknown}
 p - a potion of flight {unknown}
 u - a potion of degeneration {unknown}
 z - a potion of agility {unknown}
 B - a potion of ambrosia {unknown}
 D - a potion of heal wounds {unknown}
 E - a potion of invisibility {unknown}
 G - a potion of haste {unknown}
 H - a potion of curing {unknown}
 I - a potion of brilliance {unknown}
Books
 q - a book of Annihilations

   Spells                             Type                      Level
   a - Poison Arrow                   Conjuration/Poison           6
   b - Chain Lightning                Conjuration/Air              8
   c - Lehudib's Crystal Spear        Conjuration/Earth            8
   d - Glaciate                       Conjuration/Ice              9
   e - Fire Storm                     Conjuration/Fire             9
Miscellaneous
 d - a plain deck of summoning
 y - a plain deck of escape
Comestibles
 f - 4 bread rations
 g - 2 fruits
 w - a meat ration


   Skills:
 - Level 6.4 Fighting
 + Level 5.9 Long Blades
 - Level 4.3 Armour
 - Level 4.8 Dodging
 - Level 4.3 Shields


You had 6 spell levels left.
You didn't know any spells.

Dungeon Overview and Level Annotations

Branches:
Dungeon (4/15)
 Temple: D:4-7

Altars:
Cheibriados
Elyvilon
Fedhas
Kikubaaqudgha
Nemelex Xobeh
Uskayaw
Vehumet
Yredelemnul


Innate Abilities, Weirdness & Mutations

You reflexively headbutt those who attack you in melee.
You have a pair of horns on your head.


Message History

You closely miss the orc priest. You headbutt the orc priest.
The orc priest is moderately wounded.
The orc priest barely misses you.
You riposte.
You hit the orc priest but do no damage.
The orc priest is moderately wounded.
The orc priest calls down the wrath of Beogh upon you.
Beogh smites you!
* * * LOW HITPOINT WARNING * * *
The orc barely misses you.
You riposte.
You slash the orc!
You kill the orc!
You hit the orc priest but do no damage.
The orc priest is moderately wounded.
The orc priest miscasts a cantrip.
The orc priest invokes the aid of Beogh against you.
Pain shoots through your body!
* * * LOW HITPOINT WARNING * * *
The orc priest calls down the wrath of Beogh upon you.
Beogh smites you!
You die...
Your body disappears without a glow.

....... ..... .....
...# ...# #w.# #oo#
#.## #@)# #..## #..#
...# #..# #..## #..#
## ##...## #..#
.####.....## ##[.#
...........####...##
...................#
.PPP...............#


You could see a worm and 2 orc priests.

Vanquished Creatures
  Grinder (D:3)
  Sigmund (D:2)
  3 orc priests (D:4)
  Crazy Yiuf (D:2)
  An iguana (D:4)
  An orc wizard (D:4)
  A worker ant (D:4)
  A hound skeleton (D:4)
  6 adders
  A gnoll (D:1)
  An ooze (D:2)
  An adder skeleton (D:4)
  4 worms
  10 dart slugs
  4 leopard geckos
  8 orcs
  4 giant cockroaches
  9 goblins
  7 hobgoblins
  8 jackals
  A quokka (D:2)
  9 bats
  6 frilled lizards (D:2)
  9 kobolds
  5 rats
103 creatures vanquished.

Notes
Turn   | Place    | Note
-------+----------+-------------------------------------------
     0 | D:1      | empire the Minotaur Fighter began the quest for the Orb.
     0 | D:1      | Reached XP level 1. HP: 19/19 MP: 0/0
   274 | D:1      | Reached XP level 2. HP: 22/26 MP: 1/1
   535 | D:1      | Reached XP level 3. HP: 30/31 MP: 2/2
   659 | D:1      | Reached skill level 1 in Dodging
   819 | D:2      | Noticed Sigmund
   835 | D:2      | Killed Sigmund
   835 | D:2      | Reached XP level 4. HP: 15/39 MP: 3/3
   835 | D:2      | Reached XP level 5. HP: 18/45 MP: 4/4
  1055 | D:2      | Found a basalt altar of Yredelemnul.
  1055 | D:2      | Found a sparkling altar of Nemelex Xobeh.
  1056 | D:2      | Found a radiant altar of Vehumet.
  1056 | D:2      | Found a white marble altar of Elyvilon.
  1057 | D:2      | Found a hide-covered altar of Uskayaw.
  1057 | D:2      | Found a snail-covered altar of Cheibriados.
  1060 | D:2      | Found an ancient bone altar of Kikubaaqudgha.
  1075 | D:2      | Became a worshipper of Nemelex Xobeh the Trickster
  1114 | D:2      | Found a runed door.
  1118 | D:2      | Noticed Crazy Yiuf
  1126 | D:2      | Killed Crazy Yiuf
  1380 | D:2      | Received a gift from Nemelex Xobeh
  1830 | D:2      | Reached XP level 6. HP: 42/51 MP: 5/5
  2060 | D:3      | Reached skill level 4 in Fighting
  2299 | D:3      | Noticed Grinder
  2306 | D:3      | Paralysed by Grinder for 6 turns
  2314 | D:3      | Paralysed by Grinder for 2 turns
  2322 | D:3      | Killed Grinder
  2322 | D:3      | Reached skill level 6 in Fighting
  2322 | D:3      | Reached XP level 7. HP: 31/64 MP: 6/6
  2692 | D:4      | Received a gift from Nemelex Xobeh
  2695 | D:4      | Reached * piety under Nemelex Xobeh
  2779 | D:4      | Reached skill level 5 in Long Blades
  3043 | D:4      | Found a blossoming altar of Fedhas.
  3099 | D:4      | Killed from afar by an orc priest

Skill      XL: |  1  2  3  4  5  6  7 |
---------------+----------------------+-----
Long Blades    | 3 4 5 |  5.9
Dodging        | 4 |  4.8
Shields        | 4 |  4.3
Armour         | 4 |  4.3
Fighting       | 6 |  6.4

Action                   |  1- 3 |  4- 6 |  7- 9 || total
-------------------------+-------+-------+-------++-------
Melee: Long sword        |    56 |    25 |       ||    81
       Headbutt          |     8 |    22 |    11 ||    41
       Scimitar          |       |   100 |    49 ||   149
  Use: Potion            |       |     1 |       ||     1
  Eat: Chunk             |       |     4 |     3 ||     7
Armor: Scale mail        |    21 |    80 |    23 ||   124
Dodge: Dodged            |    11 |    76 |    23 ||   110
Block: Shield            |    30 |   104 |    28 ||   162
       Rpst.: Long sword |     4 |     1 |       ||     5
       Scimitar          |       |    13 |     9 ||    22
